[Event "Mitropa Cup Open 2024"]
[Site "Apolda"]
[Date "2024.02.18"]
[Round "4.17"]
[White "Plenca, Jadranko"]
[Black "Girel, Joseph"]
[Result "1/2-1/2"]
[ECO "C78"]
[WhiteElo "2429"]
[BlackElo "2492"]
[Annotator "TA"]
[PlyCount "111"]
[EventDate "2024.02.15"]
[EventType "team-tourn"]
[EventCountry "GER"]
[SourceTitle "playchess.com"]
[Source "ChessBase"]
[SourceQuality "1"]
[WhiteTeam "Croatia"]
[BlackTeam "France"]
[WhiteTeamCountry "CRO"]
[BlackTeamCountry "FRA"]
[TimeControl "40/5400+30:1800+30"]

1. e4 e5 2. Nf3 Nc6 3. Bb5 a6 4. Ba4 Nf6 5. O-O Bc5 6. Bxc6 dxc6 7. Nxe5 {[%emt 0:00:19] C78: Ruy Lopez: Archangelsk and Möller Defences.} Nxe4 8. Qe2 Qd5 9. d3 Qxe5 10. Qxe4 Qxe4 11. dxe4 Be6 12. Re1 $146 ({Predecessor:} 12. Bf4 O-O-O 13. Nc3 h6 14. Rad1 Bd4 15. a3 c5 16. Rfe1 Rd7 17. h4 Rhd8 18. Rd3 {0-1 Stoenescu,R (2107)-Venkatesh,M (2479) Bastia op 2022 (3)}) 12... O-O-O 13. Nd2 Rhe8 14. Nf1 Bb4 15. c3 Bf8 16. Be3 Rd3 17. Nd2 f6 18. f3 Red8 19. Nf1 $1 a5 20. Kf2 b6 21. a3 Kb7 22. Rac1 b5 23. Rc2 c5 24. Rd2 c4 25. Red1 c5 26. Ke2 Kc6 27. Bf4 g5 28. Bg3 f5 29. exf5 (29. Rxd3 $2 cxd3+ 30. Ke1 Bb3 $19) 29... Bxf5 30. Ne3 Re8 31. Rxd3 Bxd3+ 32. Kd2 b4 33. Re1 {[%emt 0:00:11] [#]} Rd8 (33... Kb5 $1 $17 34. Nd5 Rxe1 35. Kxe1 h5) 34. Ng4 Kb5 35. axb4 axb4 36. Bc7 (36. Kc1 $142) 36... Rc8 ({Better is} 36... Rd7 $17 37. Bg3 Bf5+ 38. Kc1 Bg7) 37. Be5 $15 Ra8 38. Nf2 Bg6 39. Ne4 {[%emt 0:00:08] [#]} (39. Re2 $15) 39... g4 (39... Ra2 $1 $17 40. Rb1 (40. Kc1 g4) 40... Bxe4 41. fxe4 h5) 40. Ke3 gxf3 41. gxf3 Ra2 42. cxb4 cxb4 43. Rd1 Bxe4 (43... Ra8 $15) 44. Kxe4 $11 Ka4 45. Rd8 Bh6 46. f4 Kb3 47. Rd7 Rxb2 48. Bxb2 (48. Rxh7 $2 Re2+ (48... Rxh2 $2 49. Rb7 $19) 49. Kf3 Rxh2 $19) 48... Kxb2 49. Rb7 (49. Rxh7 $2 c3 50. Rxh6 c2 $19) 49... Bf8 (49... b3 {looks sharper.} 50. Kd4 c3 51. Kc4 c2) 50. Rc7 $1 c3 51. Kd3 $1 Bd6 52. Rc4 $1 Be7 53. f5 Ka3 $2 (53... b3 $11 {and Black is okay.} 54. Rxc3 Ka2) 54. Rc6 $2 (54. Rc7 $18 Bd8 (54... Bf6 55. Rc6 $18) 55. Rc8 (55. Rxh7 Kb2 $11)) 54... Kb2 $1 $11 55. Rc4 Ka3 $2 (55... b3 $11 56. Rxc3 Ka2) 56. Rc6 $2 (56. Rc7 $18 Bd8 (56... Bf6 $2 57. Rc6 $18) 57. Rc8 (57. Rxh7 Kb2 $11)) 1/2-1/2

[Event "Mitropa Cup Open 2024"]
[Site "Apolda"]
[Date "2024.02.18"]
[Round "4.18"]
[White "Makkar, Rajat"]
[Black "Ivekovic, Bozidar"]
[Result "1-0"]
[ECO "A90"]
[WhiteElo "2453"]
[BlackElo "2399"]
[Annotator "RC"]
[PlyCount "110"]
[EventDate "2024.02.15"]
[EventType "team-tourn"]
[EventCountry "GER"]
[SourceTitle "playchess.com"]
[Source "ChessBase"]
[SourceQuality "1"]
[WhiteTeam "France"]
[BlackTeam "Croatia"]
[WhiteTeamCountry "FRA"]
[BlackTeamCountry "CRO"]
[TimeControl "40/5400+30:1800+30"]

1. d4 f5 2. g3 Nf6 3. Nf3 e6 4. Bg2 d5 5. O-O Bd6 6. c4 O-O 7. b3 b6 8. Ba3 Bb7 9. Qc1 Ne4 10. Ne5 c5 11. Bb2 Nd7 12. cxd5 exd5 13. Nd3 Rc8 14. dxc5 bxc5 15. Nf4 Qe7 16. Nc3 Nb6 17. Nxe4 fxe4 18. Bh3 Bxf4 19. gxf4 Rc6 20. Be5 Rh6 21. Bg2 Nd7 22. h3 Nxe5 23. fxe5 d4 24. b4 cxb4 25. Qc4+ Kh8 26. Qxd4 Bc8 27. Qxe4 Bxh3 28. f4 Bxg2 29. Kxg2 Qh4 30. Kf3 Rg6 31. Ke3 Qe7 32. Rac1 Ra6 33. Rh1 h6 34. Rc6 Ra3+ 35. Kf2 Qg5 36. Rf6 Rxf6 37. exf6 Qxf6 38. Qxb4 Qb6+ 39. Qxb6 axb6 40. Rb1 Rxa2 41. Rxb6 Ra4 42. Kf3 Kg8 43. e4 Ra7 44. e5 Kf7 45. f5 Ke7 46. Kg4 Kf7 47. Kh5 Re7 48. Rb5 Ra7 49. Rd5 Re7 50. e6+ Kf6 51. Rd7 g6+ 52. fxg6 Re8 53. Rf7+ Kxe6 54. Rf1 Ra8 55. g7 Kd5 1-0

[Event "Mitropa Cup Open 2024"]
[Site "Apolda"]
[Date "2024.02.18"]
[Round "4.19"]
[White "Tomulic, Teo"]
[Black "Velten, Paul"]
[Result "1/2-1/2"]
[ECO "C08"]
[WhiteElo "2386"]
[BlackElo "2470"]
[Annotator "RC"]
[PlyCount "47"]
[EventDate "2024.02.15"]
[EventType "team-tourn"]
[EventCountry "GER"]
[SourceTitle "playchess.com"]
[Source "ChessBase"]
[SourceQuality "1"]
[WhiteTeam "Croatia"]
[BlackTeam "France"]
[WhiteTeamCountry "CRO"]
[BlackTeamCountry "FRA"]
[TimeControl "40/5400+30:1800+30"]

1. e4 e6 2. d4 d5 3. Nd2 c5 4. exd5 exd5 5. Bb5+ Bd7 6. Qe2+ Be7 7. dxc5 Nf6 8. Ngf3 O-O 9. O-O Bxc5 10. Bxd7 Nbxd7 11. Nb3 Re8 12. Qd3 Bb6 13. Bf4 Re4 14. Bg3 Qe7 15. Rad1 Re8 16. c3 a6 17. Qb1 Nf8 18. Nbd4 Nh5 19. Nd2 Nxg3 20. hxg3 Re5 21. N2f3 Re4 22. Nd2 Re5 23. N2f3 Re4 24. Nd2 1/2-1/2

[Event "Mitropa Cup Open 2024"]
[Site "Apolda"]
[Date "2024.02.18"]
[Round "4.20"]
[White "Decuigniere, Tom"]
[Black "Novosel, Lovro"]
[Result "0-1"]
[ECO "E06"]
[WhiteElo "2401"]
[BlackElo "2373"]
[Annotator "TA"]
[PlyCount "102"]
[EventDate "2024.02.15"]
[EventType "team-tourn"]
[EventCountry "GER"]
[SourceTitle "playchess.com"]
[Source "ChessBase"]
[SourceQuality "1"]
[WhiteTeam "France"]
[BlackTeam "Croatia"]
[WhiteTeamCountry "FRA"]
[BlackTeamCountry "CRO"]
[TimeControl "40/5400+30:1800+30"]

1. d4 Nf6 2. c4 e6 3. Nf3 d5 4. Nc3 c6 5. g3 Be7 6. Bg2 O-O 7. O-O a5 {[%emt 0:00:22] E06: Closed Catalan: Early deviations.} 8. Re1 b6 9. Ne5 Nfd7 10. Nxd7 Nxd7 11. cxd5 $146 ({Predecessor:} 11. e4 dxc4 12. e5 Ba6 13. Qg4 Re8 14. Bh6 Bf8 15. Ne4 Rc8 16. h4 Kh8 17. Bg5 {0-1 Arndt,M (2384)-Lubbe,N (2479) GER-ch Rapid 48th 2022 (3)}) 11... cxd5 12. e4 Nf6 13. e5 Ne8 14. f4 Nc7 15. Qb3 Rb8 16. a4 Bd7 17. Bd2 b5 18. axb5 Nxb5 19. Nxb5 Rxb5 20. Qc2 Bb4 21. Bf1 {[%emt 0:02:15] [#]} (21. Bc3 $11) 21... Bxd2 $1 $17 22. Bxb5 Bxe1 23. Bxd7 Qxd7 24. Rxe1 {[%emt 0:00:05][%mdl 4096] Endgame. KQR-KQR} Rc8 25. Qd2 Qa4 26. Qd3 (26. Qd1 $17 {was called for.} Qb4 27. Re2) 26... Rc2 $1 $19 27. Rb1 h5 28. Kh1 Qc4 29. Qxc4 Rxc4 {[%emt 0:00:04] KR-KR} (29... dxc4 $142 30. Kg1 Kh7) 30. Rd1 (30. b3 $142 Rxd4 31. Ra1) 30... Rc2 ({Better is} 30... a4 $19 {Threatens to win with ...Kh7.} 31. Kg2 Rc2+ 32. Kh3 Rxb2) 31. Ra1 (31. b3 $17) 31... Rxb2 32. Rxa5 {[%emt 0:00:03] [#]} Rb4 (32... h4 $1 $19 33. gxh4 Rf2) 33. f5 Rxd4 {[%emt 0:02:53] White must now prevent ...Re4.} 34. Ra8+ Kh7 {[%emt 0:00:03] ...Rd1+ is the strong threat.} 35. fxe6 fxe6 36. Re8 {[%emt 0:00:09] [#]} Kg6 $1 {[%emt 0:00:34] Strongly threatening ...Kf5.} 37. Rxe6+ Kf5 38. Re7 g6 (38... g5 $19 {Hoping for ...Re4.} 39. Kg2 Rd2+ 40. Kf1 Rxh2) 39. Kg2 $17 Re4 (39... Rd2+ $17 40. Kg1 Rd4) 40. Kf3 $15 Rxe5 41. Rf7+ Ke6 42. Rg7 g5 43. Ra7 $2 (43. Rg8 $15) 43... Kf5 (43... g4+ $142 44. Kf4 Re4+ 45. Kg5 Re5+ 46. Kf4 Re4+ 47. Kg5 Kd6 (47... Re5+ 48. Kf4 $15) 48. Kxh5 d4) 44. h3 $2 (44. Rf7+ Ke6 45. Ra7) 44... g4+ $19 45. hxg4+ hxg4+ 46. Kf2 Re4 {[%emt 0:00:00] ( -> ...Ke5)} 47. Ra8 Ke5 48. Ra5 Kd4 49. Ra4+ Kd3 50. Ra3+ Kc2 51. Ra2+ Kb3 0-1

[Event "Mitropa Cup Open 2024"]
[Site "Apolda"]
[Date "2024.02.19"]
[Round "5.1"]
[White "Girel, Joseph"]
[Black "Krstulovic, Alex"]
[Result "0-1"]
[ECO "C18"]
[WhiteElo "2492"]
[BlackElo "2414"]
[Annotator "TA"]
[PlyCount "56"]
[EventDate "2024.02.15"]
[EventType "team-tourn"]
[EventCountry "GER"]
[SourceTitle "playchess.com"]
[Source "ChessBase"]
[SourceQuality "1"]
[WhiteTeam "France"]
[BlackTeam "Hungary"]
[WhiteTeamCountry "FRA"]
[BlackTeamCountry "HUN"]
[TimeControl "40/5400+30:1800+30"]

1. e4 e6 2. d4 d5 3. Nc3 Bb4 4. e5 c5 5. a3 Ba5 6. b4 cxd4 7. Nb5 Bc7 8. f4 Bd7 9. Nxc7+ Qxc7 10. a4 Ne7 11. Nf3 {[%emt 0:05:23][%cal Of1d3][%mdl 1024] White has compensation.} Nbc6 12. Bd2 {[%emt 0:00:16] The position is equal.} O-O 13. Bd3 f6 {[%emt 0:02:25] [#]} (13... Nf5 $11 {remains equal.}) 14. b5 (14. O-O $1 $16) 14... Nxe5 $11 15. fxe5 fxe5 {[%emt 0:00:02][%cal Bf6e5,Be5e4][%mdl 32] aiming for ...e4.} 16. Bb4 Rae8 17. O-O $1 e4 18. Nxd4 ({Better is} 18. Ng5 $1 $11 Rxf1+ 19. Bxf1) 18... exd3 $15 19. Rxf8+ Kxf8 20. Qh5 {[%emt 0:10:37] [#]} (20. cxd3 $15 Kg8 21. Qc1 Qxc1+ 22. Rxc1) 20... Kg8 $1 $17 (20... dxc2 $2 {perishes.} 21. Nxe6+ (21. Qxh7 $2 c1=Q+ 22. Rxc1 Qxc1+ $19) 21... Kg8 22. Nxc7 $18) 21. Nxe6 (21. cxd3 $17 {might work better.} Qb6 22. Qe5) 21... Qb6+ $19 ({Not} 21... Qxc2 22. Rf1 g6 23. Qe5 $11) 22. Nc5 a5 23. Ba3 dxc2 24. Rc1 Nf5 25. Kh1 $2 (25. Rxc2 Re1+ 26. Kf2) 25... Qd6 {[%emt 0:02:57] ...Re3 would now be deadly. Black is clearly winning.} 26. Qg5 b6 27. Ne4 Qe5 28. Nd2 Qc3 {[%emt 0:00:08] Weighted Error Value: White=0.89/Black=0.37.  Mistake:       	White=5     	Black=1      OK:         	White=6     	Black=6      Best:        	White=1     	Black=3      Strong:       	White=1     	Black=1} 0-1

[Event "Mitropa Cup Open 2024"]
[Site "Apolda"]
[Date "2024.02.19"]
[Round "5.2"]
[White "Juhasz, Agoston"]
[Black "Makkar, Rajat"]
[Result "1-0"]
[ECO "C44"]
[WhiteElo "2410"]
[BlackElo "2453"]
[Annotator "TA"]
[PlyCount "77"]
[EventDate "2024.02.15"]
[EventType "team-tourn"]
[EventCountry "GER"]
[SourceTitle "playchess.com"]
[Source "ChessBase"]
[SourceQuality "1"]
[WhiteTeam "Hungary"]
[BlackTeam "France"]
[WhiteTeamCountry "HUN"]
[BlackTeamCountry "FRA"]
[TimeControl "40/5400+30:1800+30"]

1. e4 e5 2. Nf3 Nc6 3. d4 exd4 4. Bc4 Bc5 5. Ng5 Nh6 6. Nxf7 Nxf7 7. Bxf7+ Kxf7 8. Qh5+ g6 9. Qxc5 d6 10. Qc4+ Be6 11. Qe2 Kg7 {[%emt 0:12:07] The position is equal.} 12. O-O Rf8 13. c3 Ne5 14. Nd2 {[%emt 0:07:57] Wards off Bc4} (14. b3 $14 {feels stronger.} d3 15. Qe3) 14... dxc3 $11 15. bxc3 Qh4 16. c4 Kg8 17. Bb2 Qg5 18. Kh1 Rf7 19. Rac1 Raf8 {[%emt 0:01:17][%cal Oe5d3] Hoping for ...Nd3!} 20. f3 c5 21. a3 h5 22. Rg1 h4 23. Nf1 h3 24. Ne3 {[%emt 0:00:52] Against Bg4} Kh7 25. Rcf1 Nc6 (25... hxg2+ $11 26. Rxg2 Qh5 27. Bxe5 Qxe5) 26. gxh3 $14 Qh5 (26... Qh6 $1 $14 {might be stronger.}) 27. Ng4 ({White should try} 27. Rg3 $1 $16) 27... Na5 $11 28. Qd1 (28. Rd1 $11 Nxc4 (28... Qxh3 $2 29. Rg3 $18) 29. Rg3) 28... Nxc4 $17 (28... Qxh3 $6 29. Rg3 (29. Qxd6 $2 Bxg4 30. Qg3 Qxg3 $19) 29... Qh5 30. Nf6+ (30. Qxd6 Bxg4 31. Rxg4 Qxg4 $11) 30... Rxf6 31. Bxf6 Rxf6 32. Qxd6 $11) 29. Bc1 Qxh3 (29... d5 $1 $17 {Strongly threatening ...dxe4.} 30. Qd3 b5 (30... Qxh3 31. Rg3 $17)) 30. f4 $11 Ne5 31. Nxe5 $16 (31. Rg3 Qh4 32. f5 gxf5) 31... dxe5 {[%emt 0:00:57] [#]} 32. f5 {[%emt 0:00:03] Dancing on a razor blade.} gxf5 (32... Rd7 $16 33. Rf3 (33. fxg6+ Kg7 $15) 33... Qh5) 33. Rf3 $2 ({White has to play} 33. Rg5 $18 {And now Rh5+ would win.} Rd7 (33... fxe4 $2 34. Rh5+ Kg8 35. Rg1+ Rg7 36. Rxg7+ Kxg7 37. Bh6+ Kf6 38. Rxh3 $18) 34. Rh5+ Kg7 35. Qxd7+ (35. Rxh3 Rxd1 36. Rxd1 f4 $18) 35... Bxd7 36. Rxh3) 33... Qh4 $11 34. Bg5 $2 (34. Qe1 $11 Qxe4 35. Qg3) 34... Qh5 $2 ({Better is} 34... Qxe4 $19 35. Re1 Qd5) 35. Be3 $40 {[%emt 0:00:36][%mdl 128] Rfg3 would now be deadly. White is up to no good.} (35. Bd2 $5 Qh4 $8 (35... fxe4 $2 {is the wrong capture.} 36. Rf4 $18) 36. Rfg3 $11) 35... fxe4 $2 {[%emt 0:00:34][%mdl 8192] [#]} (35... Kh8 $11 {and Black has nothing to worry.} 36. Rg5 Qh4) 36. Rf6 $1 $18 Qh4 (36... Bg4 37. Rxg4 (37. Qxg4 Qxg4 38. Rxf7+ Rxf7 $18) 37... Rxf6 38. Rg7+ (38. Bxc5 {gets mated.} Rf1+) 38... Kxg7 39. Qxh5 Rf1+ 40. Kg2 R1f5 41. Qg4+ Kh7 42. Qxe4 b6) 37. Rxe6 {[%emt 0:00:31][%cal Od1d6] Qd6! would kill now.} Rf6 38. Rxf6 Rxf6 39. Qd7+ {[%emt 0:00:06] Weighted Error Value: White=0.54/Black=0.72.  Loses game:     	White=1     	Black=2      Missed win:     	White=1     	Black=1      Mistake:       	White=3     	Black=5      Inaccurate:     	White=2     	Black=5      OK:         	White=12    	Black=7      Best:        	White=1     	Black=1      Strong:       	White=1     	---} 1-0

[Event "Mitropa Cup Open 2024"]
[Site "Apolda"]
[Date "2024.02.19"]
[Round "5.3"]
[White "Velten, Paul"]
[Black "Vanczak, Tamas"]
[Result "1-0"]
[ECO "B55"]
[WhiteElo "2470"]
[BlackElo "2431"]
[Annotator "TA"]
[PlyCount "63"]
[EventDate "2024.02.15"]
[EventType "team-tourn"]
[EventCountry "GER"]
[SourceTitle "playchess.com"]
[Source "ChessBase"]
[SourceQuality "1"]
[WhiteTeam "France"]
[BlackTeam "Hungary"]
[WhiteTeamCountry "FRA"]
[BlackTeamCountry "HUN"]
[TimeControl "40/5400+30:1800+30"]

1. e4 c5 2. Nf3 d6 3. d4 cxd4 4. Nxd4 Nf6 5. f3 a6 6. c4 e6 7. Nc3 Be7 8. Be3 O-O 9. Qc2 Qc7 10. O-O-O {[%emt 0:08:02] White is slightly better.} Bd7 11. g4 Nc6 12. g5 (12. Nxc6 $5 bxc6 13. h4 $14) 12... Nxd4 13. Rxd4 Nh5 14. Kb1 Rfc8 (14... f6 $11) 15. Qd2 $14 Bc6 16. Bh3 b5 17. Bg4 g6 18. Rc1 Qb7 19. cxb5 axb5 20. a3 Rd8 21. Bxh5 gxh5 22. Qc2 Bd7 23. Qb3 Rdc8 24. Rcd1 Qa6 25. Qb4 Rc6 {[%emt 0:05:13] [#]} (25... Bc6 $11) 26. e5 $1 $16 {[%emt 0:02:12] White is more active.} (26. Nxb5 $2 Rb6 27. Nc7 (27. Rxd6 $2 Bxd6 28. Rxd6 Rxd6 $19) 27... Rxb4 $19) 26... Rxc3 (26... dxe5 $2 27. Qxe7 exd4 28. Bxd4 $18) (26... Bf8 $142 27. exd6 (27. Nxb5 $2 Rb8 $19) 27... e5) 27. Qxc3 $18 ({Resist} 27. bxc3 $6 Bf8 $16) 27... d5 {[%emt 0:00:04][%cal Ob5b4] [#]} 28. Qd3 $1 Qb7 $2 (28... Bc8 29. Rh4 b4) 29. Rh4 {[%emt 0:01:24] White is clearly winning.} Be8 30. Rg1 Kh8 31. Rxh5 f5 32. g6 {[%emt 0:00:17] Weighted Error Value: White=0.08 (flawless) /Black=0.47.  Mistake:       	---       	Black=4      Inaccurate:     	White=4     	Black=1      OK:         	White=3     	Black=6      Best:        	White=2     	---        Strong:       	White=1     	---} 1-0

[Event "Mitropa Cup Open 2024"]
[Site "Apolda"]
[Date "2024.02.19"]
[Round "5.4"]
[White "Pasztor, Balazs"]
[Black "Decuigniere, Tom"]
[Result "1-0"]
[ECO "B12"]
[WhiteElo "2395"]
[BlackElo "2401"]
[Annotator "RC"]
[PlyCount "49"]
[EventDate "2024.02.15"]
[EventType "team-tourn"]
[EventCountry "GER"]
[SourceTitle "playchess.com"]
[Source "ChessBase"]
[SourceQuality "1"]
[WhiteTeam "Hungary"]
[BlackTeam "France"]
[WhiteTeamCountry "HUN"]
[BlackTeamCountry "FRA"]
[TimeControl "40/5400+30:1800+30"]

1. e4 c6 2. d4 d5 3. e5 Bf5 4. h4 h5 5. Bd3 Bxd3 6. Qxd3 e6 7. Nf3 Qa5+ 8. Nbd2 Qa6 9. c4 Nh6 10. O-O Nf5 11. b3 Qa5 12. Rd1 Be7 13. g3 Na6 14. Nf1 Rd8 15. Bd2 Qa3 16. Bc1 Qa5 17. Ne3 Nxe3 18. Bxe3 c5 19. Bg5 dxc4 20. Qxc4 Bxg5 21. Nxg5 Qb4 22. Qe2 cxd4 23. Rac1 g6 24. Rc4 Qb5 25. Rcxd4 1-0

[Event "Mitropa Cup Open 2024"]
[Site "Apolda"]
[Date "2024.02.19"]
[Round "5.5"]
[White "Subelj, Jan"]
[Black "Sahidi, Samir"]
[Result "1-0"]
[ECO "C65"]
[WhiteElo "2512"]
[BlackElo "2478"]
[Annotator "TA"]
[PlyCount "147"]
[EventDate "2024.02.15"]
[EventType "team-tourn"]
[EventCountry "GER"]
[SourceTitle "playchess.com"]
[Source "ChessBase"]
[SourceQuality "1"]
[WhiteTeam "Slovenia"]
[BlackTeam "Slovakia"]
[WhiteTeamCountry "SLO"]
[BlackTeamCountry "SVK"]
[TimeControl "40/5400+30:1800+30"]

1. e4 e5 2. Nf3 Nc6 3. Bb5 Nf6 4. d3 Bc5 5. Nbd2 d6 6. c3 Bd7 7. O-O a6 8. Ba4 O-O 9. h3 Ba7 10. Re1 Ne7 11. Bc2 Ng6 12. d4 Re8 13. Nf1 Nh5 14. Be3 Nhf4 15. Ng3 Bc6 16. Nf5 exd4 17. Bxd4 Ne6 18. Bxa7 Rxa7 19. N3d4 Ne5 20. Qd2 Bd7 21. f4 Nc6 22. Nf3 Nf8 23. g4 Ra8 24. h4 Ne7 25. h5 Nxf5 26. gxf5 Qf6 27. Re2 Re7 28. Rg2 Bc6 29. e5 dxe5 30. fxe5 Rxe5 31. Nxe5 Qxe5 32. Re1 Qf6 33. Rg4 (33. Rg3 $142) 33... Rd8 (33... h6 $16) 34. Qg5 $1 $18 Qxg5 35. Rxg5 h6 36. Rg3 Nh7 37. Re7 Rd2 (37... Nf6 {is a better defense.}) 38. Bb3 $18 Ng5 39. f6 Rxb2 {[%emt 0:03:45] [#]} 40. fxg7 ({Worse is} 40. Rxc7 Rb1+ (40... gxf6 41. Kf1 $11) 41. Kf2 Ne4+ (41... gxf6 $2 42. Bxf7+ Kf8 43. Bg6 $18) 42. Ke3 Re1+ (42... Nxg3 $2 43. Bxf7+ Kf8 44. fxg7+ Kxg7 45. Bg6+ Kf6 46. Bxb1 $18) 43. Kd3 (43. Kf4 Nxg3 44. Kxg3 Be8 $15) 43... Nxg3 $11) (40. Bxf7+ $6 Kf8 41. fxg7+ Kxg7 42. Rxc7 Kf6 $16) (40. Rxf7 $1 $18 gxf6 41. Rxc7+ (41. Rxf6+ Kh7 $18) 41... Kf8 42. Rd3) 40... Rb1+ 41. Kf2 Kxg7 42. Rxf7+ ({Reject} 42. Bxf7 Rb2+ 43. Ke1 Kf8 44. Rxc7 Nxf7 45. Rc8+ Ke7 46. Rc7+ Bd7 $11) 42... Kh8 43. Rf8+ ({Of course not} 43. Rxc7 $6 Ne4+ 44. Kg2 Nxg3+ 45. Kxg3 Rf1 $11) 43... Kg7 44. Rf4 Rh1 45. Ke3 Rxh5 46. Rf7+ Kg6 47. Rxc7 Kf6 {[%emt 0:00:44] [#]} 48. Bc4 ({Better is} 48. Kd3 $1 $16) 48... Ne6 (48... Rh2 $11) 49. Bxe6 $14 Kxe6 50. Kd4 Kd6 51. Rcg7 Rd5+ 52. Kc4 Rc5+ 53. Kd3 Ra5 54. Rh3 Rxa2 55. Rh5 Rf2 56. c4 Rf3+ 57. Kd4 Rf4+ 58. Kc3 Bf3 (58... Rf6 $11 {keeps the balance.}) 59. Rxh6+ $16 Ke5 60. Re7+ Kf5 61. Rf7+ Ke5 62. Re7+ Kf5 63. Ree6 Bc6 64. Rhf6+ Kg5 65. Rxf4 Kxf4 66. Kb4 Kf5 67. Re7 Kf6 68. Re1 Kf7 $2 (68... Kf5 $18 69. c5 Be4) 69. Ka5 Bg2 70. Kb6 Bc6 71. c5 Bd5 72. Re5 Bc6 73. Re3 Bd5 74. Rh3 1-0

[Event "Mitropa Cup Open 2024"]
[Site "Apolda"]
[Date "2024.02.19"]
[Round "5.6"]
[White "Haring, Filip"]
[Black "Goroshkov, Maksym"]
[Result "0-1"]
[ECO "C24"]
[WhiteElo "2432"]
[BlackElo "2338"]
[Annotator "RC"]
[PlyCount "112"]
[EventDate "2024.02.15"]
[EventType "team-tourn"]
[EventCountry "GER"]
[SourceTitle "playchess.com"]
[Source "ChessBase"]
[SourceQuality "1"]
[WhiteTeam "Slovakia"]
[BlackTeam "Slovenia"]
[WhiteTeamCountry "SVK"]
[BlackTeamCountry "SLO"]
[TimeControl "40/5400+30:1800+30"]

1. e4 e5 2. Nf3 Nc6 3. Bc4 Nf6 4. d3 d5 5. exd5 Nxd5 6. O-O Nb6 7. Bb3 Bg4 8. h3 Bh5 9. Re1 Qe7 10. a4 a5 11. Nc3 f6 12. Be3 O-O-O 13. Ne4 g5 14. c3 Bg6 15. Nfd2 Nd5 16. d4 Nxe3 17. fxe3 Qg7 18. Qf3 Be7 19. Be6+ Kb8 20. Nb3 f5 21. Nec5 g4 22. hxg4 fxg4 23. Bxg4 Bf7 24. Ne6 Bxe6 25. Bxe6 Rhf8 26. Qg4 Qh6 27. Qh3 Qg6 28. Nd2 Rf6 29. Bb3 Rdf8 30. Rf1 Qd3 31. Rad1 Rxf1+ 32. Nxf1 Qe2 33. Qg3 Qxb2 34. Bd5 Qxc3 35. Qg4 exd4 36. exd4 Nxd4 37. Kh1 Nc6 38. Be4 Qf6 39. Nh2 Qh6 40. Qh3 Qxh3 41. gxh3 Rf4 42. Bc2 Rc4 43. Rd2 Bg5 44. Rg2 h6 45. Nf3 Nb4 46. Bf5 Rf4 47. Bg4 Nd5 48. Bh5 Rxa4 49. Nxg5 Nf4 50. Nf3 Nxh5 51. Rg6 Ra3 52. Ng1 Ng3+ 53. Kg2 Nf5 54. Nf3 a4 55. Rf6 Ra2+ 56. Kg1 Nd6 0-1

[Event "Mitropa Cup Open 2024"]
[Site "Apolda"]
[Date "2024.02.19"]
[Round "5.7"]
[White "Lavrencic, Matic"]
[Black "Bochnicka, Vladimir"]
[Result "1/2-1/2"]
[ECO "B30"]
[WhiteElo "2299"]
[BlackElo "2398"]
[Annotator "RC"]
[PlyCount "62"]
[EventDate "2024.02.15"]
[EventType "team-tourn"]
[EventCountry "GER"]
[SourceTitle "playchess.com"]
[Source "ChessBase"]
[SourceQuality "1"]
[WhiteTeam "Slovenia"]
[BlackTeam "Slovakia"]
[WhiteTeamCountry "SLO"]
[BlackTeamCountry "SVK"]
[TimeControl "40/5400+30:1800+30"]

1. e4 c5 2. Nf3 Nc6 3. Bb5 e6 4. O-O Nge7 5. c3 a6 6. Ba4 b5 7. Bc2 d5 8. d4 cxd4 9. Nxd4 Nxd4 10. cxd4 dxe4 11. Bxe4 Nd5 12. Nc3 Bb7 13. Qf3 Be7 14. Nxd5 Bxd5 15. Bxd5 Qxd5 16. Qxd5 exd5 17. Be3 Kd7 18. Rfc1 Rhc8 19. Kf1 Bd6 20. g3 a5 21. Rxc8 Rxc8 22. Rc1 Re8 23. Ke2 h6 24. Kd3 g5 25. h4 gxh4 26. gxh4 Re4 27. Bxh6 Rxh4 28. Be3 a4 29. Rg1 Rh8 30. Ke2 Ke6 31. Kd3 Kd7 1/2-1/2

[Event "Mitropa Cup Open 2024"]
[Site "Apolda"]
[Date "2024.02.19"]
[Round "5.9"]
[White "Vykouk, Jan"]
[Black "Georgiadis, Nico"]
[Result "1-0"]
[ECO "B90"]
[WhiteElo "2493"]
[BlackElo "2547"]
[Annotator "TA"]
[PlyCount "75"]
[EventDate "2024.02.15"]
[EventType "team-tourn"]
[EventCountry "GER"]
[SourceTitle "playchess.com"]
[Source "ChessBase"]
[SourceQuality "1"]
[WhiteTeam "Czech Republic"]
[BlackTeam "Switzerland"]
[WhiteTeamCountry "CZE"]
[BlackTeamCountry "SUI"]
[TimeControl "40/5400+30:1800+30"]

1. e4 c5 2. Nf3 d6 3. d4 cxd4 4. Nxd4 Nf6 5. Nc3 a6 6. Be3 e5 7. Nb3 Be6 8. f3 Nbd7 9. Nd5 Bxd5 10. exd5 Rc8 11. c4 a5 12. Rc1 b6 {[%emt 0:07:47] The position is equal.} 13. g4 g6 14. h4 Bg7 15. h5 O-O 16. Be2 (16. h6 $5 Bh8 $8 17. Bh3 $14) 16... Qe7 17. a4 (17. h6 $5 Bh8 $8 18. Kf1 $11) 17... Nc5 18. Nxc5 bxc5 19. Rc3 Rb8 20. Rb3 Rxb3 21. Qxb3 e4 {[%emt 0:01:59] aiming for ...exf3.} 22. f4 Nd7 {[%emt 0:00:27] Strongly threatening ...Rb8.} 23. Qc2 Rb8 24. b3 Bd4 25. Bc1 Re8 26. Kd1 Nb8 (26... e3 {looks sharper.} 27. g5 Nb8 28. Ba3 Na6) 27. Bd2 Qd8 28. hxg6 hxg6 29. f5 g5 30. Rh5 e3 31. Be1 ({White should play} 31. f6 $1 $11 Bxf6 32. Be1 (32. Qh7+ Kf8 $11)) 31... Na6 ({Black should try} 31... Bf6 $1 $15) 32. f6 $36 {[%emt 0:04:48][%mdl 2048] Black is under pressure.} Bxf6 33. Qf5 Nb4 34. Bg3 Qe7 $2 (34... Na2 $11) 35. Qh7+ $18 Kf8 {[%emt 0:00:02] [#]} 36. Rxg5 $3 {[%emt 0:01:13][%csl Gh7][%cal Rg5g8][%mdl 512] White is clearly winning.} Qd7 (36... Qd8 37. Qh6+) 37. Qh6+ Ke7 38. Rf5 {[%emt 0:00:20] Weighted Error Value: White=0.10 (very precise) /Black=0.12 (very precise) .  Loses game:     	---       	Black=2      Mistake:       	White=1     	Black=1      Inaccurate:     	White=3     	Black=2      OK:         	White=13    	Black=9      Best:        	White=1     	Black=1} 1-0